 Dungeon Crawl Stone Soup version 0.22-a0-409-gb855193 (webtiles) character file.

140 dstrtnsr the Ruffian (level 5, 40/53 HPs)
             Began as a Troll Fighter on May 10, 2018.
             Quit the game on level 4 of the Dungeon.
             The game lasted 00:01:40 (1138 turns).

dstrtnsr the Ruffian (Troll Fighter)                Turns: 1138, Time: 00:01:41

Health: 40/53      AC:  5    Str: 25    XL:     5   Next: 2%
Magic:  4/4        EV:  8    Int:  4    God:
Gold:   121        SH:  8    Dex:  9    Spells: 4/4 levels left

rFire    . . .     SeeInvis .     - Unarmed
rCold    . . .     Gourm    +   b - +0 shield
rNeg     . . .     Faith    .   a - +0 robe
rPois    .         Spirit   .   (helmet restricted)
rElec    .         Reflect  .   (no cloak)
rCorr    .         Harm     .   (gloves unavailable)
MR       .....                  (boots unavailable)
Stlth    +.........             (no amulet)
HPRegen  0.57/turn              (no ring)
MPRegen  0.09/turn              (no ring)

@: no status effects
A: large, unfitting armour, claws 3, fast metabolism 3, gourmand, regeneration
1, shaggy fur 1, tough skin 2
a: no special abilities


You were on level 4 of the Dungeon.
You were very full.

You visited 1 branch of the dungeon, and saw 4 of its levels.

You collected 121 gold pieces.

Inventory:

Armour
 a - a +0 robe (worn)
 b - a +0 shield (worn)
Jewellery
 j - an uncursed ring of resist corrosion {unknown}
Scrolls
 d - 2 scrolls of remove curse {unknown}
 f - 2 scrolls of blinking {unknown}
 h - a scroll of immolation {unknown}
 i - 2 scrolls of identify {unknown}
 k - 2 scrolls of fog {unknown}
 l - a scroll of teleportation {unknown}
 m - a scroll of random uselessness {unknown}
Potions
 c - a potion of might
 g - a potion of haste {unknown}
 n - 2 potions of brilliance {unknown}
 o - a potion of experience {unknown}
 p - 2 potions of degeneration {unknown}
Comestibles
 e - 4 rations {!d}


   Skills:
 + Level 3.3 Fighting
 - Level 2.4 Dodging
 - Level 2.4 Shields
 * Level 4.4 Unarmed Combat


You had 4 spell levels left.
You didn't know any spells.

Dungeon Overview and Level Annotations

Branches:
Dungeon (4/15)
 Temple: D:4-7

Altars:


Innate Abilities, Weirdness & Mutations

You are too large for most types of armour.
You have claws for hands.
Your metabolism is lightning-fast.
You like to eat raw meat.
Your natural rate of healing is unusually fast.
You are covered in fur. (AC +1)
You have very tough skin. (AC +2)


Message History

You block the worker ant's attack.
You claw the worker ant!
You kill the worker ant!
No target in view!
p - 2 viscous emerald potions You butcher the worker ant corpse.
q - a chunk of flesh Eating a chunk of flesh.
You eat the chunk of flesh.
This raw flesh tastes great.
Key pressed, stopping explore.
No target in view!
No target in view!
No target in view!
d - 2 scrolls labeled TOMNIENETZA (gained 1)
A leopard gecko comes into view.
A leopard gecko is nearby!
The leopard gecko hisses angrily.
Found 8 gold pieces.
You claw the leopard gecko!
You kill the leopard gecko!
An orc comes into view. It is wielding a hand axe.
The orc shouts!
You hear a shout!
You hear a bark!
You hear a shout!
An orc comes into view.
There are monsters nearby!
The orc shouts!
You scratch the orc.
The orc is lightly wounded.
The orc hits you but does no damage.
You claw the orc!
You kill the orc!
You scratch the orc.
The orc is heavily wounded.
The orc hits you but does no damage.
You claw the orc!
You kill the orc!
No target in view!
Things that are here:
a hand axe; an orc corpse No target in view!
An orc comes into view. It is wielding a hand axe.
An orc wizard comes into view. It is wielding a dagger.
The orc wizard shouts!
You hear a shout!
The orc hits you with a hand axe.
An orc comes into view. It is wielding a club.
You claw the orc!
You kill the orc!
Your shield prevents you from hitting the orc wizard.
The orc wizard casts a spell.
The orc wizard flickers and vanishes!
Deactivating autopickup; reactivate with Ctrl-A.
An orc is nearby!
You closely miss something. Something hits you but does no damage.
A hound comes into view.
You miss something. The orc hits you but does no damage.
You hear some strange, mumbled words.
A magic dart appears from out of thin air!
The magic dart hits you!
Things that are here:
a hand axe; an orc corpse
There are monsters nearby!
You claw the orc!
You kill the orc!
Something hits you but does no damage. You block the hound's attack.
You barely miss the hound. You block the hound's attack. Something hits you.
You scratch the hound.
The hound is moderately wounded.
The hound bites you. Something hits you. The hound barely misses you.
You claw the hound!
The hound is almost dead.
The hound barely misses you. Something hits you but does no damage.
A hound is nearby!
You miss the hound.
The hound is almost dead.
You block the hound's attack. Something hits you but does no damage.
The hound bites you but does no damage.
You closely miss the hound.
The hound is almost dead.
The hound closely misses you. You block something's attack.
You miss the hound.
The hound is almost dead.
You block the hound's attack. You block something's attack.
The hound bites you.
You claw the hound!
You kill the hound!
Something hits you but does no damage.
No target in view!
There is a strange disturbance nearby!
No target in view!
There is a strange disturbance nearby!
No target in view!
No target in view!
No target in view!
There is a strange disturbance nearby!
No target in view!
No target in view!
Saving game... please wait.
Welcome back, dstrtnsr the Troll Fighter.
Press ? for a list of commands and other information.
Are you sure you want to abandon this character and quit the game? (Confirm with "yes".)

####### #.....##
#......#
####..≈≈≈.#
#{....≈$≈.#
#@##).≈≈≈.#
#)###.....# #.#
##..### ..# #.##
### #.# #.#
####.# #....#
###.#..#########


There were no monsters in sight!

Vanquished Creatures
  A hound (D:4)
  A worker ant (D:4)
  3 adders
  An ooze (D:1)
  2 dart slugs (D:1)
  3 leopard geckos
  4 orcs (D:4)
  3 giant cockroaches
  4 hobgoblins
  3 jackals (D:1)
  2 quokkas
  2 bats (D:1)
  3 frilled lizards
  3 goblins
  4 kobolds (D:1)
  6 rats
45 creatures vanquished.

Notes
Turn   | Place    | Note
-------+----------+-------------------------------------------
     0 | D:1      | dstrtnsr the Troll Fighter began the quest for the Orb.
     0 | D:1      | Reached XP level 1. HP: 22/22 MP: 0/0
   158 | D:1      | Reached XP level 2. HP: 29/29 MP: 1/1
   267 | D:1      | Reached skill level 3 in Unarmed Combat
   510 | D:1      | Reached XP level 3. HP: 33/36 MP: 2/2
   792 | D:3      | Reached XP level 4. HP: 44/45 MP: 3/3
  1073 | D:4      | Reached skill level 4 in Unarmed Combat
  1137 | D:4      | Reached XP level 5. HP: 40/53 MP: 4/4
  1138 | D:4      | Quit the game

Vault maps used:
D:1:      matt_arrival_los_fun
D:2:      first_ration
D:3:      okawaru_altar_gauntlet_db, chequers_ecumenical_altar_twisty
D:4:      yredelemnul_forgotten_temple_becter, corexii_item_surrounded_by_moat,
          uniq_purgy

Skill      XL: |  1  2  3  4 |
---------------+-------------+-----
Unarmed Combat | 3 4 |  4.4
Fighting       | 3 |  3.3
Dodging        | |  2.4
Shields        | |  2.4

Action                   |  1- 3 |  4- 6 || total
-------------------------+-------+-------++-------
Melee: Unarmed           |    86 |    34 ||   120
  Eat: Chunk             |    11 |     3 ||    14
Armor: Robe              |    26 |    10 ||    36
Dodge: Dodged            |    19 |     6 ||    25
Block: Shield            |    31 |    15 ||    46

Table legend:
 A = Spawn XP
 B = Non-spawn XP
 C = Spawn XP percentage of total XP
 D = Spawn monster count
 E = Non-spawn monster count
 F = Spawn count percentage of total count
 G = Total turns spent on level
                    A         B        C        D         E        F      G
               +---------+---------+-------+---------+---------+-------+---------
         Total |       0 |     201 |   0.0 |       0 |      45 |   0.0 |  1138
               +---------+---------+-------+---------+---------+-------+---------
           D:1 |       0 |      48 |   0.0 |       0 |      23 |   0.0 |   549
           D:2 |       0 |      37 |   0.0 |       0 |       8 |   0.0 |   238
           D:3 |       0 |      22 |   0.0 |       0 |       6 |   0.0 |   221
           D:4 |       0 |      94 |   0.0 |       0 |       8 |   0.0 |   130
               +---------+---------+-------+---------+---------+-------+---------
